Map: Récif abyssal EC

Players

zidar - Winner!

  • Race: Zerg Zerg
  • League: Gold
  • Spawn Location: 11:00

BurningBush

  • Race: Zerg Zerg
  • League: Platinum
  • Spawn Location: 5:00

VOD

Have the link to the VOD?

Description

Time

  • Played on: July 12, 2017, 10:57 a.m.
  • Length: 4:32
Show
View Real Time Build Order
Export as new Build Order

zidar Zerg - Winner!

Build Orders: Pool First 

Get SALT Encoding   

  12  0:01  Drone  
  13  0:12  Overlord  
  13  0:17  Drone  
  14  0:30  Drone  
  14  0:31  Drone  
  14  0:34  Drone  
  17  0:49  Spawning Pool  
  16  0:51  Drone  
  17  1:15  Hatchery  
  16  1:19  Drone  
  16  1:22  Extractor, Drone  
  17  1:36  Queen  
  19  1:41  Overlord  
  19  1:45  Zergling x2  
  20  1:49  Zergling x2  
  21  1:58  Zergling x2  
  22  2:11  Queen  
  24  2:21  Metabolic Boost  
  24  2:25  Zergling x4  
  26  2:39  Roach Warren  
  26  2:42  Overlord  
  25  2:46  Zergling x2  
  25  2:58  Zergling x2  
  25  2:59  Zergling x4  
  25  3:03  Zergling x2  
  29  3:27  Zergling x10  
  34  3:36  Overlord  
  34  3:57  Roach x3  
  34  4:00  Roach  
Show
View Real Time Build Order
Export as new Build Order

BurningBush Zerg 

Build Orders: Hatch First 

Get SALT Encoding   

  12  0:10  Overlord  
  12  0:13  Drone  
  13  0:17  Drone  
  14  0:29  Drone  
  14  0:33  Drone  
  16  0:50  Drone  
  16  0:55  Drone  
  18  1:07  Hatchery  
  18  1:10  Drone  
  18  1:26  Drone  
  18  1:28  Extractor  
  18  1:30  Spawning Pool  
  17  1:48  Drone x3  
  20  2:01  Drone  
  21  2:18  Queen  
  21  2:20  Queen  
  21  2:22  Drone  
  26  2:24  Zergling x4  
  26  2:29  Baneling Nest  
  27  2:41  Drone  
  27  2:43  Overlord x2  
  27  3:01  Zergling x4  
  27  3:03  Zergling x2  
  30  3:25  Zergling x2  
  30  3:26  Zergling x10  
  36  3:29  Overlord x2  
  36  3:48  Drone x3  
  38  3:55  Zergling x6  
  42  4:03  Zergling x2  
  42  4:04  Zergling x12  
Tags
 
Add a new tag
Caveats
  • Supply blocks, unpowered buildings, or Contaminate may cause inaccurate times.
  • Supply counts are checked every 10 seconds.